AoeStats
← BN27

Arabia

507437056Analyzed
1v1 RM · 15d ago on Sep 18, 2026· 48m 19s· 2 players
Game mode
Random Map
Map size
Tiny (2 player)
Population
200
Speed
Normal
Resources
Standard
Victory
Conquest
Starting age
Dark Age
Ending age
Imperial Age
RankedLock teamsTeams togetherTeam positionsShared explorationLock speedFull tech treeHidden civsTurbo modeCheats
Victory
Defeat
🇩🇪 Magyars · Germany
1712
+14
🇦🇺 Inca · Australia
1667
-14
WhatIsYourStrategy
2:00 Loom
6:54 Loom
9:01 Feudal Age
9:47 Double-Bit Axe
10:58 Horse Collar
18:12 Wheelbarrow
18:09 Padded Archer Armor
21:19 Castle Age
20:32 Fletching
20:47 Scale Mail Armor
21:20 Forging
22:16 Elite Skirmisher
22:23 Champi Runner
25:30 Iron Casting
25:11 Chain Mail Armor
28:44 Squires
28:49 Fletching
31:55 Gold Mining
32:16 Bow Saw
32:01 Arson
32:32 Champi Warrior
42:12 Imperial Age
40:16 Ballistics
39:59 Bodkin Arrow
40:19 Leather Archer Armor
47:35 Andean Sling
BN27
6:43 Loom
7:13 Loom
9:09 Feudal Age
10:18 Double-Bit Axe
10:14 Horse Collar
18:19 Castle Age
17:41 Bloodlines
18:03 Fletching
19:18 Bow Saw
19:58 Heavy Plow
25:42 Wheelbarrow
26:17 Scale Barding Armor
28:52 Town Watch
32:34 Imperial Age
30:29 Bodkin Arrow
31:08 Husbandry
31:47 Chain Barding Armor
31:22 Gold Mining
32:21 Corvinian Army
32:36 Padded Archer Armor
34:03 Ballistics
34:44 Chemistry
34:22 Masonry
34:52 Parthian Tactics
34:32 Bracer
35:30 Leather Archer Armor
36:48 Chemistry
38:49 Devotion
38:25 Light Cavalry
38:56 Treadmill Crane
41:00 Ring Archer Armor
40:47 Hand Cart
43:49 Thumb Ring
43:08 Heavy Cavalry Archer
43:53 Recurve Bow
45:32 Conscription
45:51 Plate Barding Armor
46:33 Parthian Tactics
46:47 Ring Archer Armor
46:28 Elite Magyar Huszar
47:19 Stone Mining
48:07 Gold Shaft Mining
48:32 Hoardings
Connection lost

Rejoining the realm…

Still unreachable

The connection could not be restored.

Session expired

The server has moved on; the page needs a fresh start.